 Dungeon Crawl Stone Soup version 0.22-a0-197-g4ac3794 (webtiles) character file.

329 vishdafish the Slasher (level 6, -7/47 HPs)
             Began as a Demonspawn Gladiator on Feb 18, 2018.
             Mangled by George's ghost (16 damage)
             ... on level 3 of the Dungeon.
             The game lasted 00:04:41 (4197 turns).

vishdafish the Slasher (Demonspawn Gladiator)       Turns: 4197, Time: 00:04:41

Health: -7/47      AC:  3    Str: 15    XL:     6   Next: 25%
Magic:  6/6        EV: 12    Int: 10    God:
Gold:   126        SH:  3    Dex: 15    Spells: 5/5 levels left

rFire    . . .     SeeInvis .   a - +0 long sword
rCold    + . .     Gourm    .   p - +0 buckler {reflect}
rNeg     . . .     Faith    .   b - +0 leather armour
rPois    .         Spirit   .   (helmet restricted)
rElec    .         Reflect  +   (no cloak)
rCorr    .         Harm     .   (no gloves)
MR       .....                  (no boots)
Stlth    +.........             (no amulet)
HPRegen  0.15/turn              j - ring of protection from cold
MPRegen  0.10/turn              (no ring)

@: no status effects
A: antennae 1, spiny 1
a: no special abilities


You were on level 3 of the Dungeon.
You were not hungry.

You visited 1 branch of the dungeon, and saw 4 of its levels.

You collected 126 gold pieces.

Inventory:

Hand Weapons
 a - a +0 long sword (weapon)
Missiles
 d - 2 throwing nets (quivered)
Armour
 b - a +0 leather armour (worn)
 c - a +0 helmet
 p - a +0 buckler of reflection (worn)
Jewellery
 j - a ring of protection from cold (left hand)
Wands
 r - a wand of random effects (25)
Scrolls
 e - 2 scrolls of immolation {unknown}
 g - a scroll of magic mapping {unknown}
 h - 3 scrolls of identify {unknown}
 i - 2 scrolls of remove curse {unknown}
 k - 2 scrolls of amnesia {unknown}
 m - 2 scrolls of fog {unknown}
 n - a scroll of enchant weapon {unknown}
 q - a scroll of enchant armour {unknown}
 u - a scroll of blinking {unknown}
Potions
 o - a potion of flight {unknown}
 t - a potion of degeneration {unknown}
Books
 f - a book of Changes

   Spells                             Type                      Level
   a - Beastly Appendage              Transmutation                1
   b - Sticks to Snakes               Transmutation                2
   c - Spider Form                    Transmutation/Poison         3
   d - Ice Form                       Ice/Transmutation            4
   e - Blade Hands                    Transmutation                5
 s - a book of Maledictions

   Spells                             Type                      Level
   a - Corona                         Hexes                        1
   b - Ensorcelled Hibernation        Hexes/Ice                    2
   c - Confuse                        Hexes                        3
   d - Tukima's Dance                 Hexes                        3
   e - Dazzling Spray                 Conjuration/Hexes            3
Comestibles
 l - 2 rations


   Skills:
 + Level 3.1 Fighting
 * Level 4.8 Long Blades
 - Level 2.0 Throwing
 + Level 1.8 Armour
 + Level 3.6 Dodging
 - Level 0.6 Stealth


You had 5 spell levels left.
You didn't know any spells.

Dungeon Overview and Level Annotations

Branches:
Dungeon (4/15)
 Temple: D:4-7

Altars:

Annotations:
D:3 George's ghost, amateur MiFi


Innate Abilities, Weirdness & Mutations

You have a pair of small antennae on your head.
You are partially covered in sharp spines.


Message History

You riposte.
You hit George's ghost but do no damage.
George's ghost is lightly damaged.
You barely miss George's ghost.
George's ghost is lightly damaged.
George's ghost keens inconsolably.
George's ghost completely misses you.
You hit George's ghost but do no damage.
George's ghost is lightly damaged.
George's ghost hits you!
You slash George's ghost!
George's ghost is moderately damaged.
George's ghost hits you!
Unknown command.
You hit George's ghost but do no damage.
George's ghost is moderately damaged.
George's ghost hits you!
* * * LOW HITPOINT WARNING * * *
George's ghost hits you!
You die...

.# #.#.####.# #.#.##.# #.#)#. .#
#.#.####.######.#.##.# #..... .#
#..................#.###.#.#. .#
#.#.####.######..............
.####.#..###.######.#.......#####
^.....#..##.....................#
................)................
.##.#.#..##....W............##..#
.........##..###@.).###.....##..#
............................##..#
.##...##.##...##............##..#
###...##.##...##..#.#.#......#..#
...............#..#.#.#..#.....>.
......##.#........#.#.#..........
#####.##.#......................#
# #.##.......#....#.##...#.#...
#####.####............##...#.#.##


You could see George's ghost.

Vanquished Creatures
  2 orc wizards
  2 orc priests (D:3)
  A gnoll shaman (D:3)
  Terence (D:2)
  5 gnolls
  3 adders
  An ooze (D:2)
  2 worms (D:3)
  3 dart slugs
  2 leopard geckos
  8 orcs
  7 bats
  A giant cockroach (D:3)
  5 goblins
  10 hobgoblins
  4 jackals (D:3)
  4 kobolds
  A quokka (D:2)
  A ball python (D:1)
  3 frilled lizards
  2 rats
68 creatures vanquished.

Notes
Turn   | Place    | Note
-------+----------+-------------------------------------------
     0 | D:1      | vishdafish the Demonspawn Gladiator began the quest for the Orb.
     0 | D:1      | Reached XP level 1. HP: 16/16 MP: 1/1
   403 | D:1      | Gained mutation: You are partially covered in sharp spines. [demonic ancestry]
   403 | D:1      | Reached XP level 2. HP: 22/22 MP: 2/2
   434 | D:1      | Reached skill level 3 in Long Blades
   847 | D:2      | Reached XP level 3. HP: 22/27 MP: 3/3
  1468 | D:2      | Reached XP level 4. HP: 26/34 MP: 4/4
  1658 | D:3      | Reached skill level 4 in Long Blades
  1804 | D:2      | Reached skill level 1 in Armour
  1819 | D:3      | Gained mutation: You have a pair of small antennae on your head. [demonic ancestry]
  1819 | D:3      | Reached XP level 5. HP: 24/39 MP: 5/5
  1931 | D:3      | Noticed George's ghost (amateur MiFi)
  2561 | D:3      | Noticed Terence
  2572 | D:2      | Killed Terence
  2800 | D:3      | Reached XP level 6. HP: 17/47 MP: 6/6
  4197 | D:3      | Mangled by George's ghost

Vault maps used:
D:1:      minmay_arrival_floating_metal, minivault_14, feat_on_display
D:2:      serial_glass, glass_columns_b, glass_columns_a, glass_columns_b,
          glass_columns_c, glass_columns_a
D:3:      first_ration, uniq_terence
D:4:      kennysheep_mini_moat, kennysheep_little_box,
          minmay_temple_entry_glass, uniq_grinder, uniq_natasha

Skill      XL: |  1  2  3  4  5 |
---------------+----------------+-----
Throwing       | 2 |  2.0
Long Blades    | 3 4 |  4.8
Dodging        | 3 |  3.6
Armour         | 1 |  1.8
Fighting       | 3 |  3.1
Stealth        | |  0.6

Action                   |  1- 3 |  4- 6 || total
-------------------------+-------+-------++-------
Melee: Long sword        |    71 |   120 ||   191
Throw: Throwing net      |     3 |     1 ||     4
Evoke: Wand              |       |     6 ||     6
  Use: Potion            |       |     1 ||     1
 Stab: Sleeping          |     4 |       ||     4
  Eat: Ration            |     1 |     2 ||     3
       Chunk             |       |     2 ||     2
Armor: Leather armour    |    22 |    17 ||    39
Dodge: Dodged            |    55 |    73 ||   128
Block: Buckler           |     2 |    19 ||    21
       Rpst.: Long sword |    12 |    30 ||    42

Table legend:
 A = Spawn XP
 B = Non-spawn XP
 C = Spawn XP percentage of total XP
 D = Spawn monster count
 E = Non-spawn monster count
 F = Spawn count percentage of total count
 G = Total turns spent on level
                    A         B        C        D         E        F      G
               +---------+---------+-------+---------+---------+-------+---------
         Total |       0 |     471 |   0.0 |       0 |      68 |   0.0 |  4197
               +---------+---------+-------+---------+---------+-------+---------
           D:1 |       0 |      28 |   0.0 |       0 |      16 |   0.0 |   765
           D:2 |       0 |     170 |   0.0 |       0 |      20 |   0.0 |  1945
           D:3 |       0 |     273 |   0.0 |       0 |      32 |   0.0 |  1344
               +---------+---------+-------+---------+---------+-------+---------
